 Dungeon Crawl Stone Soup version 0.13.0-13-g27bfa31 (webtiles) character file.

41167 Lilouch the Protected (level 14, -15/76 HPs)
             Began as a Gargoyle Fighter on Oct 18, 2013.
             Was a High Priest of Okawaru.
             Killed from afar by Harold (38 damage)
             ... with a bolt of fire
             ... on Level 4 of the Orcish Mines on Oct 19, 2013.
             The game lasted 02:52:12 (20578 turns).

Lilouch the Protected (Gargoyle Fighter)           Turns: 20578, Time: 02:52:12

HP -15/76        AC 48     Str 25      XL: 14   Next:  6%
MP  35/37        EV 14     Int 14      God: Okawaru [*****.]
Gold 1799        SH 31     Dex 12      Spells:  2 memorised, 10 levels left

Res.Fire  : . . .   See Invis. : +   V - +3,+4 flail (protect)
Res.Cold  : . . .   Warding    : .   a - +2 orc plate armour
Life Prot.: + . .   Conserve   : +   Z - +0 dwarf shield
Res.Poison: +       Res.Corr.  : +   K - +3 hat of Pondering {ponderous, MR+ MP+10 Int+5}
Res.Elec. : +       Clarity    : .   P - +2 cloak {rCorr, Cons}
Sust.Abil.: . .     Spirit.Shd : .   M - +1 pair of gauntlets {Dex+3}
Res.Mut.  : .       Stasis     : .   y - +2 pair of boots
Res.Rott. : +       Flight     : +   c - amulet of rage
Saprovore : . . .                    s - ring of see invisible
                                     J - +6 ring of evasion

@: exhausted, flying, slowed, heroism, finesse, very slow, quite resistant to
hostile enchantments, extremely unstealthy
A: large and strong wings, fangs 1, talons 2, life protection 1, electricity
resistance, slow metabolism 1, unbreathing, petrification resistance, AC +9
a: Stop Flying, Heroism, Finesse, Renounce Religion, Evoke Berserk Rage


You were on level 4 of the Orcish Mines.
You worshipped Okawaru.
Okawaru was extremely pleased with you.
You were very hungry.

You visited 5 branches of the dungeon, and saw 25 of its levels.

You collected 1803 gold pieces.
You spent 24 gold pieces at shops.

Inventory:

Hand weapons
 m - a +0 blowgun of evasion
 V - a +3,+4 flail of protection (weapon)
Missiles
 l - 4 curare-tipped needles
 t - 44 poisoned needles
Armour
 a - a +2 orcish plate armour (worn)
 y - a +2 pair of boots (worn)
 K - the +3 hat of Pondering (worn) {ponderous, MR+ MP+10 Int+5}
   (You took it off Gastronok on level 2 of the Lair of Beasts)

   It affects your intelligence (+5).
   It affects your resistance to hostile enchantments.
   It affects your magic capacity (+10).
 M - a +1 pair of gauntlets of dexterity (worn)
 P - a +2 cloak of preservation (worn)
 Z - a +0 dwarven shield (worn)
Magical devices
 b - a wand of disintegration (15)
 n - a wand of lightning (8)
 o - a wand of fire (2)
 r - a wand of invisibility (1)
 z - a wand of digging (10)
 F - a wand of polymorph (9)
 H - a wand of paralysis (6)
 I - a wand of fireball (7)
 R - a wand of teleportation (4)
Comestibles
 d - 3 chunks of orc flesh
 j - 15 bread rations
Scrolls
 p - 5 scrolls of blinking
 q - 7 scrolls of fog
 G - 8 scrolls of teleportation
Jewellery
 c - an amulet of rage (around neck)
 k - an uncursed ring of positive energy
 s - a ring of see invisible (right hand)
 u - an uncursed ring of protection from cold
 J - a +6 ring of evasion (left hand)
 Q - an uncursed ring of fire
 W - an uncursed ring of positive energy
 Y - an uncursed amulet of stasis
Potions
 h - 5 potions of heal wounds
 w - a potion of confusion {unknown}
 A - 9 potions of curing
 D - 2 potions of speed
 L - a potion of agility


   Skills:
 - Level 3.2(8.2) Fighting
 + Level 12.5(17.5) Maces & Flails
 + Level 14.1(19.1) Armour
 + Level 11.1(16.1) Shields
 - Level 0.5 Translocations
 - Level 10.0 Invocations
 - Level 10.0 Evocations


You had 10 spell levels left.
You knew the following spells:

 Your Spells              Type           Power        Failure   Level  Hunger
a - Swiftness             Chrm/Air       #.........   100%        2    ###....
b - Apportation           Tloc           #.........   97%         1    ##.....


Dungeon Overview and Level Annotations

Branches:
Dungeon (13/27)            Temple (1/1) D:6             Orc (4/4) D:6
   Lair (6/8) D:11          Swamp (0/5) Lair:4        Snake (1/5) Lair:4
    Elf: Orc:3-4      Slime: Lair:6-8

Altars:
Ashenzari
Cheibriados
Elyvilon
Fedhas
Kikubaaqudgha
Makhleb
Nemelex Xobeh
Okawaru
Sif Muna
Trog
Vehumet
Xom
Yredelemnul
Zin
the Shining One
Beogh
Jiyva

Shops:
D:4 }   D:5 [

Portals:
Ziggurat: D:7 (3340 gp)

Annotations:
Orc:4 Harold


Innate Abilities, Weirdness & Mutations

You are resistant to torment.
You are immune to poison.
You can fly continuously.
Your stone body is very resilient (AC +9).
Your wings are large and strong.
You have very sharp teeth.
You have razor-sharp toenails.
You resist negative energy.
You are resistant to electric shocks.
You have a slow metabolism.
You can survive without breathing.
You are immune to petrification.


Message History

Zapping:
b - a wand of disintegration (16)
Press: ? - help, Shift-Dir - straight line, f/p - Harold
Aim: Harold, wielding a glaive and wearing a ring mail (severely wounded) Harold resists with some effort.
This wand has 15 charges left.
You block Harold's attack.
Evoke which item? (* to show all) (? for menu, Esc to quit)
Zapping:
n - a wand of lightning {zapped: 1}
Press: ? - help, Shift-Dir - straight line, f/p - Harold
Aim: Harold, wielding a glaive and wearing a ring mail (severely wounded)
You hear a mighty clap of thunder!
The bolt of lightning hits Harold.
Harold appears unharmed.
Harold is severely wounded.
Your skill with magical items lets you calculate the power of this device...
This wand has 8 charges left.
You hear a shout!
The boulder beetle smashes into you!
The boulder beetle stops rolling.
Harold points at you and mumbles some strange words.
The bolt of fire hits you!
Ouch! That really hurt!
You die...

...#.............#.
........(............
#.......(.............
.......((..............
........(.....#.........
.........................
.........(()....@........
........))....§..#.......
.#..........).§B@........#
.##......#...))).)......#
#....#((..#.)#).........
#.....(...#............#
.....#((((.#..[........
......#.#(............
.....................
.......#.........
...........#.


You could see Harold and a boulder beetle.

Vanquished Creatures
  An emperor scorpion (Lair:4)
  Gastronok (Lair:2)
  A hydra (Lair:2)
  Fannar (D:10)
  A catoblepas (Lair:5)
  A naga warrior (Snake:1)
  3 spectral orcs (D:10)
  Nergalle (D:10)
  The ghost of patman the Covert, an experienced SpBe of Trog (D:9)
  Erolcha (D:13)
  3 hill giants
  Joseph (D:7)
  An orc knight (Orc:3)
  Maurice (D:9)
  A cyclops (D:11)
  6 black mambas
  A queen ant (Lair:4)
  An item mimic (D:7)
  5 spiny frogs
  The ghost of Lilouch the Cudgeler, an experienced GrFi (D:5)
  2 trolls
  A giant leech (Lair:4)
  Sonja (D:12)
  8 blink frogs
  7 komodo dragons
  Prince Ribbit (D:9)
  A shadow (D:13)
  A wraith (D:12)
  28 yaks
  6 hippogriffs
  A shark (D:11)
  An elephant slug (Lair:3)
  A deep elf fighter (D:11)
  3 wyverns
  The ghost of inmateoo the Sneak, an average SpDK of Yredelemnul (D:4)
  6 wolves
  2 swamp worms (Lair:4)
  A mottled dragon (D:13)
  4 porcupines
  4 giant goldfish (D:11)
  A necrophage (D:10)
  3 manticores
  11 orc warriors
  2 sky beasts (D:8)
  A black bear (D:11)
  5 ice beasts
  7 nagas
  2 phantoms
  10 ogres
  10 centaurs
  7 crocodiles
  Sigmund (D:5)
  2 big kobolds (D:13)
  11 giant frogs
  4 giant slugs
  Blork the orc (D:5)
  11 water moccasins
  4 agate snails
  26 wights
  A yak zombie (D:12)
  14 killer bees
  14 jellies
  2 yak skeletons
  A vampire bat (Orc:1)
  2 goliath beetles (D:10)
  22 orc priests
  5 electric eels (D:11)
  15 hounds
  7 crimson imps
  Crazy Yiuf (D:5)
  8 iguanas
  10 worker ants
  24 orc wizards
  3 scorpions
  24 sheep
  A sky beast zombie (D:7)
  A mottled dragon zombie (D:12)
  A mummy (D:6)
  4 gnolls (D:4)
  35 green rats
  20 adders
  2 giant centipedes
  7 worms
  A giant mite (D:1)
  An adder skeleton (D:5)
  An adder zombie (D:8)
  2 iguana skeletons
  4 giant geckos
  8 oozes
  153 orcs
  A ball python (D:5)
  3 giant cockroaches
  22 goblins
  15 hobgoblins
  25 jackals
  5 quokkas
  34 bats
  3 giant newts
  A hobgoblin skeleton (D:5)
  A jackal zombie (D:8)
  22 kobolds
  An orc skeleton (D:7)
  23 rats
  2 fungi
  A plant (D:11)
785 creatures vanquished.

Vanquished Creatures (collateral kills)
  2 vampire mosquitoes (Lair:1)
2 creatures vanquished.

Vanquished Creatures (others)
  2 orcs (Orc:4)
  A bat (D:11)
  4 fungi (D:11)
  2 plants (D:11)
9 creatures vanquished.

Grand Total: 796 creatures vanquished

Notes
Turn   | Place    | Note
--------------------------------------------------------------
     0 | D:1      | Lilouch, the Gargoyle Fighter, began the quest for the Orb.
     0 | D:1      | Reached XP level 1. HP: 14/14 MP: 0/0
   274 | D:1      | Reached XP level 2. HP: 12/19 MP: 1/1
   605 | D:2      | Reached XP level 3. HP: 24/24 MP: 2/2
   718 | D:2      | Reached skill level 4 in Armour
   908 | D:2      | Found a radiant altar of Vehumet.
   914 | D:2      | Reached XP level 4. HP: 28/28 MP: 3/3
  1369 | D:3      | Noticed an ogre
  1378 | D:3      | Killed an ogre
  1378 | D:3      | Reached XP level 5. HP: 9/33 MP: 4/4
  1741 | D:4      | Reached skill level 5 in Armour
  1843 | D:4      | Reached XP level 6. HP: 15/38 MP: 5/5
  1847 | D:4      | Reached skill level 5 in Shields
  2475 | D:4      | Noticed inmateoo's ghost (average SpDK)
  2489 | D:4      | Killed inmateoo's ghost
  2523 | D:4      | Reached XP level 7. HP: 27/42 MP: 6/6
  2562 | D:4      | Found Criniox's Gadget Shop.
  2649 | D:4      | Noticed an ogre
  2655 | D:4      | Killed an ogre
  2655 | D:4      | Reached skill level 5 in Maces & Flails
  2715 | D:4      | Reached skill level 6 in Shields
  3110 | D:4      | Found a snail-covered altar of Cheibriados.
  3110 | D:4      | Found a glowing golden altar of the Shining One.
  3279 | D:5      | Entered Level 5 of the Dungeon
  3279 | D:5      | Found Psa Raext's Antique Armour Emporium.
  3298 | D:5      | Bought a pair of embroidered gauntlets for 24 gold pieces
  3332 | D:5      | Noticed Sigmund
  3340 | D:5      | Killed Sigmund
  3412 | D:5      | Reached XP level 8. HP: 26/48 MP: 7/7
  3433 | D:5      | Noticed Lilouch's ghost (experienced GrFi)
  3446 | D:5      | Killed Lilouch's ghost
  3446 | D:5      | Reached skill level 7 in Shields
  3748 | D:5      | Noticed Blork the orc
  3759 | D:5      | Killed Blork the orc
  3869 | D:5      | Noticed Crazy Yiuf
  3879 | D:5      | Killed Crazy Yiuf
  3891 | D:5      | Identified a +2 cloak of preservation (You took it off Crazy Yiuf on level 5 of the Dungeon)
  4333 | D:6      | Found a roughly hewn altar of Beogh.
  4387 | D:6      | Reached XP level 9. HP: 52/52 MP: 8/8
  4397 | D:6      | Reached skill level 8 in Shields
  4855 | D:6      | Found a staircase to the Ecumenical Temple.
  4868 | Temple   | Entered the Ecumenical Temple
  4922 | Temple   | Became a worshipper of Warmaster Okawaru
  5257 | D:6      | Found a staircase to the Orcish Mines.
  5423 | D:7      | Noticed Joseph
  5439 | D:7      | Killed Joseph
  5439 | D:7      | Acquired Okawaru's first power
  5439 | D:7      | Reached skill level 9 in Shields
  5721 | D:7      | Found a gateway to a ziggurat.
  5885 | D:7      | Killed a pile of gold mimic
  6055 | D:7      | Reached XP level 10. HP: 57/57 MP: 9/9
  6899 | D:8      | Reached skill level 10 in Armour
  7115 | D:8      | Reached skill level 10 in Maces & Flails
  7466 | D:9      | Noticed Maurice
  7488 | D:9      | Killed Maurice
  7640 | D:9      | Reached skill level 11 in Armour
  7880 | D:9      | Noticed patman's ghost (experienced SpBe)
  7920 | D:9      | Killed patman's ghost
  7920 | D:9      | Reached XP level 11. HP: 55/61 MP: 10/10
  7988 | D:9      | Noticed Prince Ribbit
  8011 | D:9      | Killed Prince Ribbit
  8011 | D:9      | Reached skill level 1 in Invocations
  8011 | D:9      | Reached skill level 1 in Evocations
  8115 | D:9      | Found a sparkling altar of Nemelex Xobeh.
  8289 | D:10     | Entered Level 10 of the Dungeon
  8487 | D:10     | Found a viscous altar of Jiyva.
  8795 | D:10     | Noticed Nergalle
  8802 | D:10     | Noticed a spectral orc warlord
  8808 | D:10     | Killed Nergalle
  8821 | D:10     | Killed a spectral orc warlord
  8975 | D:10     | Noticed Fannar
  8984 | D:10     | Killed Fannar
  8984 | D:10     | Acquired Okawaru's second power
  9318 | D:11     | Reached skill level 12 in Armour
  9427 | D:11     | Noticed a hill giant
  9442 | D:11     | Killed a hill giant
  9480 | D:11     | Reached skill level 5 in Invocations
  9484 | D:11     | HP: 3/61 [orc priest/divine providence (12)]
  9626 | D:11     | Learned a level 2 spell: Swiftness
  9628 | D:11     | Learned a level 1 spell: Apportation
  9773 | D:11     | Reached skill level 5 in Evocations
  9789 | D:11     | Found a staircase to the Lair.
  9817 | Lair:1   | Entered Level 1 of the Lair of Beasts
 10048 | D:11     | Reached XP level 12. HP: 48/66 MP: 20/20
 10066 | D:11     | Found a white marble altar of Elyvilon.
 11460 | Lair:2   | Received a gift from Okawaru
 11658 | Lair:2   | Reached skill level 13 in Armour
 11785 | Lair:2   | Noticed Gastronok
 11804 | Lair:2   | Killed Gastronok
 11829 | Lair:2   | Noticed a seven-headed hydra
 11837 | Lair:2   | Killed a seven-headed hydra
 12862 | D:12     | Noticed Sonja
 12885 | D:12     | Received a gift from Okawaru
 12919 | D:12     | Killed Sonja
 13181 | D:13     | Noticed Erolcha
 13192 | D:13     | Killed Erolcha
 13363 | D:13     | Reached XP level 13. HP: 71/71 MP: 25/25
 13557 | D:13     | Reached skill level 10 in Invocations
 13704 | D:13     | Identified a scroll of acquirement
 13707 | D:13     | Got a scintillating golden amulet
 13739 | D:13     | Identified the amulet of Muigafai {Cons rElec rF-} (You acquired it on level 13 of the Dungeon)
 13763 | D:13     | Received a gift from Okawaru
 14162 | Orc:1    | Entered Level 1 of the Orcish Mines
 14418 | Orc:1    | Found a radiant altar of Vehumet.
 15013 | Orc:3    | Reached skill level 10 in Evocations
 17070 | Lair:3   | Upgraded the game from 0.13.0-11-g0187522 to 0.13.0-13-g27bfa31
 17222 | Lair:4   | Reached skill level 10 in Shields
 17388 | Lair:4   | Received a gift from Okawaru
 17396 | Lair:4   | Found a staircase to the Snake Pit.
 17430 | Snake:1  | Entered Level 1 of the Snake Pit
 18408 | Lair:4   | Noticed an emperor scorpion
 18408 | Lair:4   | an agate snail changed into an emperor scorpion
 18499 | Lair:4   | Killed an emperor scorpion
 18522 | Lair:4   | Found a staircase to the Swamp.
 18930 | Lair:5   | Reached skill level 14 in Armour
 19139 | Lair:5   | Gained mutation: Your wings are large and strong. [gargoyle growth]
 19139 | Lair:5   | Reached XP level 14. HP: 76/76 MP: 27/27
 20475 | Orc:4    | Entered Level 4 of the Orcish Mines
 20539 | Orc:4    | Noticed Harold
 20578 | Orc:4    | Killed from afar by Harold

Action                   |  1- 3 |  4- 6 |  7- 9 | 10-12 | 13-15 || total
-------------------------+-------+-------+-------+-------+-------++-------
Melee: Mace              |   128 |   167 |    24 |       |       ||   319
       Flail             |       |       |   400 |  1366 |  1348 ||  3114
Invok: Heroism           |       |       |       |     2 |     2 ||     4
       Finesse           |       |       |       |       |     2 ||     2
 Abil: Evoke Berserk Rag |       |     1 |     1 |     6 |     7 ||    15
       Fly               |       |       |       |       |     1 ||     1
Evoke: Wand              |       |     1 |       |    33 |    23 ||    57
       Deck              |       |       |       |       |     8 ||     8
  Use: Scroll            |       |       |     2 |    33 |     7 ||    42
       Potion            |       |       |       |     4 |     2 ||     6
 Stab: Fleeing           |       |       |       |       |     1 ||     1
       Paralysed         |       |       |       |       |     1 ||     1
